 Dungeon Crawl Stone Soup version 0.31-a0-1547-g618ab1f346 (webtiles) character file.

Game seed: 2268093927153232079

95523 RepoMan the Severer (level 16, -27/139 HPs)
             Began as a Ghoul Necromancer on Jan 1, 2024.
             Was an Elder of Yredelemnul.
             Annihilated by a swamp worm (35 damage)
             ... on level 2 of the Swamp on Jan 2, 2024.
             The game lasted 03:00:29 (30642 turns).

RepoMan the Severer (Ghoul Necromancer)            Turns: 30642, Time: 03:00:29

Health: -27/139    AC:  2    Str: 16    XL:     16   Next: 14%
Magic:  10/25      EV: 18    Int: 18    God:    Yredelemnul [****..]
Gold:   791        SH:  5    Dex: 15    Spells: 5/21 levels left

rFire   . . .        w - +3 war axe (flame)
rCold   + . .        (no shield)
rNeg    + + +        C - +1 ring mail {Will+}
rPois   ∞            Y - +2 hat
rElec   .            A - +1 cloak {Will+}
rCorr   .            E - +2 pair of gloves
SInv    .            (no boots)
Will    +++..        I - amulet of reflection
Stlth   +            k - +6 ring of dexterity
HPRegen 0.00/turn    j - +5 ring of evasion
MPRegen 0.19/turn

%: reflection
@: corroded, inhibited regen, hasted, very quick
A: claws 1, cold resistance 1, negative energy resistance 3, inhibited
regeneration, torment resistance 2, devour on kill
a: Renounce Religion, Recall Undead Harvest, Dark Bargain, Drain Life


You were on level 2 of the Swamp.
You worshipped Yredelemnul.
Yredelemnul was pleased with you.
You visited 5 branches of the dungeon, and saw 25 of its levels.
You also visited: Ossuary and Ice Cave.

You collected 2121 gold pieces.
You spent 1330 gold pieces at shops.

Inventory:

Hand Weapons
 v - a +0 broad axe of venom
 w - a +3 war axe of flaming (weapon)
 Q - the +0 long sword "Uduish" {venom, rElec Int+2}
   (You found it on level 5 of the Dungeon)

   Int+2:     It affects your intelligence (+2).
   rElec:     It insulates you from electricity.
Missiles
 F - a throwing net
 S - 2 silver javelins
 X - 25 poisoned darts
Armour
 u - a +1 leather armour of cold resistance
 A - a +1 cloak of willpower (worn)
 C - a +1 ring mail of willpower (worn)
 E - a +2 pair of gloves (worn)
 Y - a +2 hat (worn)
Jewellery
 a - a ring of ice
 c - a ring of magical power
 e - a ring of wizardry
 j - a +5 ring of evasion (right hand)
 k - a +6 ring of dexterity (left hand)
 I - an amulet of reflection (around neck)
 Z - the ring of Simpoir {Ice +Blink Str+2 Dex-4}
   (You found it in an ice cave)

   [ring of ice]

   Ice:       It enhances your ice magic.
   Str+2:     It affects your strength (+2).
   Dex-4:     It affects your dexterity (-4).
   rF-:       It makes you vulnerable to fire.
   rC+:       It protects you from cold.
   +Blink:    It lets you blink.
Wands
 b - a wand of charming (11)
 o - a wand of flame (50)
 y - a wand of polymorph (36)
 H - a wand of mindburst (23)
Scrolls
 f - 9 scrolls of teleportation
 g - a scroll of brand weapon
 l - 4 scrolls of fog
 m - 6 scrolls of revelation
 p - a scroll of poison
 t - a scroll of vulnerability
 B - a scroll of acquirement
 D - 5 scrolls of enchant armour
 M - 2 scrolls of silence
 O - a scroll of torment
 T - 3 scrolls of amnesia
 U - 3 scrolls of enchant weapon
Potions
 d - 2 potions of mutation {unknown}
 h - 3 potions of brilliance
 n - a potion of degeneration {unknown}
 q - 2 potions of attraction
 r - 2 potions of enlightenment
 x - 10 potions of curing {unknown}
 J - a potion of magic
 K - 2 potions of ambrosia
 L - 5 potions of lignification {unknown}
 N - 2 potions of resistance {unknown}
 P - 2 potions of might {unknown}
 R - 2 potions of cancellation {unknown}
Miscellaneous
 V - a box of beasts (inert)


   Skills:
 + Level 12.0 Fighting
 * Level 17.2 Axes
 + Level 5.0 Armour
 + Level 5.0 Dodging
 - Level 2.5 Stealth
 - Level 3.3 Spellcasting
 - Level 13.3 Necromancy
 + Level 12.0 Invocations


You had 5 spell levels left.
You knew the following spells:

 Your Spells              Type           Power      Damage    Failure   Level
a - Curse of Agony        Necr           50%        N/A       3%          5
d - Vampiric Draining     Necr           50%        2d9       1%          3
n - Necrotise             Necr           100%       1d9       1%          1
w - Fugue of the Fallen   Necr           50%        N/A       1%          3
A - Anguish               Hex/Necr       13%        N/A       19%         4

Your spell library contained the following spells:

 Spells                   Type           Power      Damage    Failure   Level
 Magic Dart               Conj           8%         1d3       28%         1
 Call Imp                 Summ           4%         N/A       41%         2
 Ensorcelled Hibernation  Hex/Ice        4%         N/A       41%         2
 Lesser Beckoning         Tloc           4%         N/A       41%         2
 Mercury Vapours          Alch/Air       4%         N/A       41%         2
 Searing Ray              Conj           4%         2d4       41%         2
 Call Canine Familiar     Summ           2%         N/A       65%         3
 Gell's Gravitas          Tloc           2%         N/A       65%         3
 Inner Flame              Hex/Fire       2%         N/A       65%         3
 Mephitic Cloud           Conj/Alch/Air  2%         N/A       65%         3
 Ozocubu's Armour         Ice            2%         N/A       65%         3
 Sigil of Binding         Hex            2%         N/A       65%         3
 Summon Ice Beast         Ice/Summ       2%         N/A       65%         3
 Teleport Other           Tloc           2%         N/A       65%         3
 Cause Fear               Hex            1%         N/A       96%         4
 Dimensional Bullseye     Hex/Tloc       1%         N/A       96%         4
 Flame Wave               Conj/Fire      2%         2d4       96%         4
 Fulminant Prism          Conj/Alch      1%         3d5       96%         4
 Leda's Liquefaction      Alch/Erth      1%         N/A       96%         4
 Manifold Assault         Tloc           2%         N/A       96%         4
 Olgreb's Toxic Radiance  Alch           2%         N/A       96%         4
 Petrify                  Alch/Erth      2%         N/A       96%         4
 Sticky Flame             Fire/Alch      2%         2d4       96%         4
 Summon Blazeheart Golem  Fire/Summ      2%         N/A       96%         4
 Freezing Cloud           Conj/Ice/Air   1%         6-21      100%        5
 Irradiate                Conj/Alch      1%         3d12      100%        5
 Iskenderun's Battlesphe  Conj           2%         2d6       100%        5
 Lee's Rapid Deconstruct  Erth           1%         3d4*      100%        5
 Bombard                  Conj/Erth      1%         9d1       100%        6
 Dispersal                Tloc           1%         N/A       100%        6
 Enfeeble                 Hex            1%         N/A       100%        7
 Orb of Destruction       Conj           1%         9d5       100%        7
 Ozocubu's Refrigeration  Ice            1%         4d7       100%        7
 Spellforged Servitor     Conj/Summ      1%         N/A       100%        7
 Summon Hydra             Summ           1%         N/A       100%        7
 Discord                  Hex            1%         N/A       100%        8
 Lehudib's Crystal Spear  Conj/Erth      1%         10d2      100%        8
 Sublimation of Blood     Necr           Unusable   N/A       N/A         2
 Animate Dead             Necr           Unusable   N/A       N/A         4

Dungeon Overview and Level Annotations

Branches:
Dungeon (15/15)            Temple (1/1) D:6            Lair (5/5) D:8
  Swamp (2/4) Lair:2       Spider (0/4) Lair:2        Slime (0/5) Lair:4
    Orc (2/2) D:12            Elf (0/3) Orc:2        Vaults (0/5) D:13
Ossuary (visited)           IceCv (visited)
 Depths: D:15

Altars:
Ashenzari
Cheibriados
Dithmenos
Fedhas
Gozag
Hepliaklqana
Kikubaaqudgha
Makhleb
Nemelex Xobeh
Okawaru
Qazlal
Ru
Sif Muna
Trog
Uskayaw
Vehumet
Wu Jian
Xom
Yredelemnul
Jiyva
Lugonu

Shops:
D:2 *(=?(   D:3 (?[=[   D:4 :   D:5 (   Orc:2 **?=*(

Portals:
Abyss: Lair:5

Annotations:
D:5 exclusion: ogre
D:12 3 runed translucent doors, ZotIsNOTReal's ghost, journeyman OpSh
D:15 Rupert
Temple 2 transporters
Lair:2 1 runed translucent door, melvinkitnick's ghost, journeyman OpSu
Lair:4 1 transporter
Swamp:1 exclusions: bound soul and downstairs
Swamp:2 Louise


Innate Abilities, Weirdness & Mutations

You are immune to poison.
You have sharp fingernails.
Your flesh is cold resistant. (rC+)
You are immune to negative energy. (rN+++)
You do not regenerate when monsters are visible.
You are immune to unholy pain and torment.
You thrive by killing the living.


Message History

You draw life force from the spriggan druid!
With its final breath, the spriggan druid offers up its power to the beasts of the wild!
The swamp worm seems to grow more fierce.
The tyrant leech seems to grow more fierce.
The swamp worm seems to grow more fierce.
You kill the spriggan druid!
The +1 spectral quarterstaff disappears.
You feel life coursing into your body.
The swamp worm fires a harpoon shot at you.
The harpoon shot hits you!
* * * LOW HITPOINT WARNING * * *
You are yanked forward by the harpoon shot.
A swamp worm comes into view.
Your swamp worm zombie bites the swamp worm.
Okay, then.
Okay, then.
Throw: 3 throwing nets
Press: ? - help, Shift-Dir - straight line, f - swamp worm
Aim: a swamp worm (strong, 56% to hit)
You throw a throwing net. The throwing net hits the swamp worm.
The swamp worm is caught in the net!
The swamp worm struggles against the net.
Your swamp worm zombie completely misses the swamp worm.
Your goliath frog zombie misses the tyrant leech.
You feel yourself speed up.
The swamp worm struggles against the net.
The swamp worm fires a harpoon shot at you.
The harpoon shot hits you!
* * * LOW HITPOINT WARNING * * *
You are yanked forward by the harpoon shot.
Your goliath frog zombie barely misses the tyrant leech.
Throw: 2 throwing nets
Press: ? - help, Shift-Dir - straight line, f - swamp worm, p - swamp worm
Aim: a swamp worm (lightly wounded, strong, ally target, 56% to hit)
You throw a throwing net. The throwing net misses the swamp worm.
The swamp worm struggles against the net.
Your swamp worm zombie bites the swamp worm but does no damage.
The swamp worm bites you!!
You die...
You join the legions of the undead harvest.

§~~~~~~~~.##.... ....
~~~~~§~~..#.#..##...
~~~~......#.#...#...
~~~~...~...........: ...~
..~.~♣.~~...##..w# ....
♣~..♣♣♣......Z...# ..~.♣
...~♣♣~.......Zw.###..!.♣
..~♣♣♣♣~.~..##.......~..~
♣♣♣♣ ♣♣........@#..~~♣.♣
♣♣~♣♣ ♣~.~.w...w..~~.~♣
♣..§.♣♣..~~~.~.ZZ~..?~~♣
♣.~...~.^....~~.~~.♣...♣
♣♣.~~..§~.~....§~~~.♣.♣♣
♣.~?....~....~.♣~.?..
♣.~..~.....~...~♣♣♣....♣
♣...~♣.♣...♣!..~.♣ ♣♣.♣♣
~.~.♣§~....$~.~~♣♣ ♣♣


You could see a tyrant leech (strong, ally target), 3 swamp worms, a friendly
bound tyrant leech, 2 friendly swamp worm zombies and a friendly goliath frog
zombie.

Vanquished Creatures
  2 azure jellies (IceCv)
  2 quicksilver oozes (IceCv)
  Azrael (Orc:2)
  7 vault guards (D:13)
  2 boulder beetles
  A death yak (Lair:3)
  2 two-headed ogres
  An orc high priest (Orc:2)
  A skyshark (Lair:4)
  A goliath frog (Swamp:2)
  A spriggan rider (Swamp:2)
  4 bog bodies
  2 spriggan druids
  5 orc knights
  A lindwurm (Lair:5)
  A deep elf pyromancer (D:13)
  5 orc sorcerers (Orc:2)
  4 elephants
  Maurice (D:8)
  A large abomination (Lair:5)
  2 will-o-the-wisps (Swamp:1)
  6 kobold blastminers (Orc:2)
  2 ice statues (IceCv)
  3 black mambas
  A gargoyle (D:10)
  A torpor snail (Lair:3)
  6 cane toads
  A smoke demon (Lair:5)
  2 unseen horrors
  2 komodo dragons (Lair:5)
  2 kobold demonologists (D:12)
  4 trolls
  A polar bear (Lair:5)
  A tyrant leech (Swamp:1)
  5 hornets
  8 blink frogs
  3 dream sheep (Lair:5)
  Sigmund (D:3)
  4 slime creatures (IceCv)
  A wraith (D:14)
  4 spriggans
  A water elemental (D:13)
  A wyvern (Lair:2)
  3 shadows
  21 yaks
  4 fire elementals (Orc:2)
  4 vampire mosquitoes
  4 basilisks
  8 swamp worms
  3 acid dragons
  11 water moccasins
  2 great orb of eyes simulacra (IceCv)
  A hell hound (Orc:2)
  A sky beast (D:8)
  19 orc warriors
  An ice beast (D:6)
  5 ogres
  5 wolves
  5 boggarts (D:14)
  8 centaurs
  A slime creature simulacrum (IceCv)
  A phantom (D:4)
  A kobold brigand (D:6)
  9 bullfrogs
  A gnoll sergeant (D:13)
  2 scorpions
  3 water moccasin zombies (Ossuary)
  4 small abominations (Lair:5)
  4 glowing shapeshifter simulacra (IceCv)
  A burial acolyte (Ossuary)
  7 killer bees
  5 spriggan skeletons (D:14)
  A troll skeleton (D:14)
  7 electric eels
  3 jellies
  Crazy Yiuf (D:3)
  8 hounds
  17 orc priests
  A spectral scorpion (Ossuary)
  A sleepcap (D:6)
  Jessica (D:2)
  13 orc wizards
  4 shapeshifter simulacra (IceCv)
  2 crocodile zombies (Ossuary)
  3 mummies (Ossuary)
  6 adders
  5 gnolls (D:13)
  13 white imps
  2 ufetubi (D:6)
  4 adder zombies (Ossuary)
  A dart slug (D:4)
  3 ribbon worms
  63 orcs
  5 ball pythons
  5 endoplasms
  3 giant cockroaches
  5 goblins
  5 hobgoblins
  2 jackals (D:4)
  3 quokkas
  3 bats
  2 frilled lizards
  10 gnoll zombies
  4 jackal zombies (Ossuary)
  13 kobolds
  3 orc zombies (Ossuary)
  3 rats
476 creatures vanquished.

Vanquished Creatures (collateral kills)
  A thorn hunter (Swamp:1)
  A quicksilver ooze (IceCv)
  An eleionoma (Swamp:2)
  A vault guard (D:13)
  A rakshasa (D:13)
  A hydra (Lair:2)
  Fannar (Lair:3)
  A boulder beetle (Lair:2)
  2 two-headed ogres (D:11)
  9 death yaks
  4 thrashing horrors (Lair:5)
  3 orc high priests (Orc:2)
  A skyshark (Lair:4)
  A goliath frog (Swamp:1)
  A spriggan rider (Swamp:2)
  A swamp dragon (Swamp:1)
  An orc knight (Orc:2)
  3 orc sorcerers
  An ugly thing (D:12)
  4 elephants
  2 kobold blastminers
  4 black mambas
  4 smoke demons (Lair:5)
  A gargoyle (D:12)
  4 cane toads
  Maggie (Lair:1)
  A kobold demonologist (D:12)
  A rime drake (Lair:5)
  4 komodo dragons
  2 trolls (D:11)
  2 polar bears
  17 blink frogs
  A raiju (Lair:5)
  4 dream sheep (Lair:5)
  A shadow (D:11)
  4 slime creatures
  3 basilisks
  A spriggan (Lair:5)
  A wraith (D:9)
  21 yaks
  2 wyverns
  A warg (Orc:1)
  2 chaos spawn (Lair:5)
  A swamp worm (Swamp:2)
  2 hell hounds (Orc:2)
  5 water moccasins
  A swamp drake (Swamp:1)
  4 orc warriors
  A black bear (D:7)
  10 small abominations (Lair:5)
  6 wolves
  6 bullfrogs
  2 kobold brigands (D:12)
  5 wights (D:9)
  6 killer bees
  2 orc priests
  10 orc wizards
  A shapeshifter simulacrum (IceCv)
  A killer bee zombie (D:9)
  A mummy (D:9)
  18 orcs
  An endoplasm (D:2)
  A ball python (D:2)
  A frilled lizard (D:1)
  A kobold (D:1)
209 creatures vanquished.

Vanquished Creatures (others)
  A spectral hydra (Orc:2)
  A spectral efreet (Orc:2)
  A hydra zombie (Lair:2)
  A bloated husk (Swamp:2)
  A human zombie (D:13)
  A boulder beetle zombie (Lair:2)
  2 black mamba zombies (Lair:2)
  3 slime creature zombies
  4 cane toad zombies
  A skyshark zombie (Lair:4)
  2 two-headed ogre zombies (D:11)
  An orc warrior (Orc:2)
  A lindwurm zombie (Lair:5)
  2 hornet zombies
  9 blink frog zombies (Lair:5)
  2 elephant zombies (Lair:3)
  A swamp dragon zombie (Swamp:1)
  2 vampire mosquito zombies
  A spectral chaos spawn (Lair:5)
  A hell hound zombie (Orc:2)
  2 wyvern zombies
  5 water moccasin zombies
  A troll zombie (D:12)
  15 yak zombies
  A wolf zombie (Lair:2)
  4 bullfrog zombies
  2 centaur zombies (D:11)
  4 basilisk zombies
  A boggart zombie (D:14)
  3 killer bee zombies (D:9)
  An acid dragon zombie (D:11)
  2 hound zombies
  An adder zombie (D:6)
  4 spectral white imps (Orc:2)
  2 orcs (Orc:2)
  2 gnoll zombies
  7 kobold zombies
  41 orc zombies
  10 foxfires (Swamp:1)
146 creatures vanquished.

Grand Total: 831 creatures vanquished

Notes
Turn   | Place    | Note
-------+----------+-------------------------------------------
     0 | D:1      | RepoMan the Ghoul Necromancer began the quest for the Orb.
     0 | D:1      | Reached XP level 1. HP: 14/14 MP: 3/3
   178 | D:1      | Reached XP level 2. HP: 20/20 MP: 2/4
  1070 | D:2      | Reached XP level 3. HP: 23/26 MP: 0/6
  1146 | D:2      | Learned a level 3 spell: Vampiric Draining
  1505 | D:2      | Found Puonauna's General Store.
  1600 | D:2      | Found Zaosy's Jewellery Shop.
  1629 | D:2      | Found a transporter.
  1630 | D:2      | Found Qobiynau's Weapon Shop.
  1747 | D:2      | Reached skill level 5 in Necromancy
  1747 | D:2      | Reached XP level 4. HP: 33/33 MP: 3/7
  1830 | D:2      | Noticed Jessica
  1843 | D:2      | Killed Jessica
  1888 | D:2      | Found Yzakapt's Weapon Shop.
  1929 | D:2      | Found Can Sez's Magic Scroll Emporium.
  1932 | D:2      | Bought a scroll of identify for 28 gold pieces
  1948 | D:2      | Found a transporter.
  2171 | D:3      | Found Kutwoso's Magic Scroll Emporium.
  2188 | D:3      | Reached XP level 5. HP: 38/38 MP: 3/8
  2243 | D:3      | Found Qeifisk's Antique Armour Emporium.
  2312 | D:3      | Found Tostaups's Weapon Shoppe.
  2522 | D:3      | Found a runed translucent door.
  2523 | D:3      | Noticed Crazy Yiuf
  2531 | D:3      | Killed Crazy Yiuf
  2666 | D:3      | Found a faded altar of an unknown god.
  2793 | D:3      | Found Varosuado's Jewellery Shoppe.
  2815 | D:3      | Noticed Sigmund
  2826 | D:3      | Killed Sigmund
  2827 | D:3      | Reached XP level 6. HP: 45/45 MP: 5/9
  3059 | D:3      | Found Yrateuvuqea's Armour Shop.
  3385 | D:4      | Found Hicyt's Self-Improvement Boutique.
  3714 | D:4      | Reached XP level 7. HP: 50/50 MP: 6/10
  3958 | D:4      | Learned a level 3 spell: Fugue of the Fallen
  4253 | D:5      | Entered Level 5 of the Dungeon
  4373 | D:5      | Found Jonups's Weapon Shop.
  4631 | D:5      | Identified the +0 long sword "Uduish" {venom, rElec Int+2}
  4654 | D:5      | Found a bloodstained altar of Trog.
  5160 | D:6      | Found a staircase to the Ecumenical Temple.
  5167 | Temple   | Found a transporter.
  5167 | Temple   | Found a transporter.
  5167 | Temple   | Found a transporter.
  5167 | Temple   | Found a transporter.
  5167 | Temple   | Entered the Ecumenical Temple
  5185 | Temple   | Became a worshipper of Yredelemnul the Dark
  5217 | D:6      | Reached XP level 8. HP: 55/57 MP: 5/11
  5292 | D:6      | Reached * piety under Yredelemnul
  5327 | D:6      | Reached skill level 10 in Necromancy
  5487 | D:6      | Noticed a shadow
  5816 | D:7      | Reached skill level 1 in Fighting
  6237 | D:7      | Noticed a hornet
  6244 | D:7      | Killed a hornet
  6245 | D:7      | Reached XP level 9. HP: 68/68 MP: 4/13
  6983 | D:8      | Found a sand-covered staircase.
  6988 | Ossuary  | Entered an ossuary
  6995 | Ossuary  | Learned a level 5 spell: Curse of Agony
  7497 | D:8      | Noticed a two-headed ogre
  7507 | D:8      | Killed a two-headed ogre
  7616 | D:8      | Found a stormy altar of Qazlal.
  7713 | D:8      | Noticed a troll
  7754 | D:8      | Killed a troll
  7755 | D:8      | Reached skill level 1 in Axes
  7755 | D:8      | Reached XP level 10. HP: 80/80 MP: 14/14
  7760 | D:8      | Reached skill level 2 in Axes
  7760 | D:8      | Noticed Maurice
  7764 | D:8      | Reached skill level 5 in Fighting
  7778 | D:8      | Maurice stole the +0 long sword "Uduish" {venom, rElec
                  | Int+2}
  7781 | D:8      | Something stole 36 stones
  7806 | D:8      | Something stole 295 gold
  7826 | D:8      | Killed Maurice
  7826 | D:8      | Reached ** piety under Yredelemnul
  7827 | D:8      | Reached skill level 3 in Axes
  7846 | D:8      | Reached *** piety under Yredelemnul
  7882 | D:8      | Found a staircase to the Lair.
  8570 | D:9      | Reached skill level 4 in Axes
  8935 | D:9      | Noticed a boulder beetle
  8948 | D:9      | Killed a boulder beetle
  8949 | D:9      | Reached skill level 5 in Axes
  9056 | D:9      | Found a snail-covered altar of Cheibriados.
  9180 | D:9      | Found a hazy altar of Hepliaklqana.
  9371 | D:10     | Entered Level 10 of the Dungeon
  9443 | D:10     | Noticed a gargoyle
  9646 | D:10     | Found a broken altar of Ashenzari.
  9907 | D:10     | Reached skill level 1 in Armour
  9907 | D:10     | Reached XP level 11. HP: 73/91 MP: 8/15
  9910 | D:10     | Reached skill level 6 in Axes
 10944 | D:11     | Reached skill level 7 in Axes
 11079 | D:11     | Noticed a two-headed ogre
 11089 | D:11     | Killed a two-headed ogre
 11634 | D:11     | Noticed a two-headed ogre
 11647 | D:11     | Killed a two-headed ogre
 11648 | D:11     | Reached **** piety under Yredelemnul
 11721 | D:11     | Reached ***** piety under Yredelemnul
 11741 | D:11     | Reached skill level 8 in Axes
 11981 | D:12     | Found a runed translucent gate.
 12069 | D:12     | Found a runed translucent gate.
 12070 | D:12     | Found a runed translucent gate.
 12155 | D:12     | Noticed an ice dragon
 12156 | D:12     | Noticed ZotIsNOTReal's ghost (journeyman OpSh)
 12174 | D:12     | Noticed a brown ugly thing
 12182 | D:12     | Killed a brown ugly thing
 12237 | D:12     | Noticed a sun demon
 12240 | D:12     | Noticed a sun demon
 12366 | D:12     | Found a staircase to the Orcish Mines.
 12587 | D:12     | Found a shimmering blue altar of Sif Muna.
 12644 | D:12     | Reached XP level 12. HP: 101/103 MP: 12/16
 12898 | D:12     | Reached skill level 9 in Axes
 14174 | D:2      | Bought a +3 war axe of flaming for 302 gold pieces
 14206 | D:3      | Bought 2 scrolls of blinking for 210 gold pieces
 14206 | D:3      | Bought a scroll of teleportation for 42 gold pieces
 14394 | Lair:1   | Entered Level 1 of the Lair of Beasts
 14691 | Lair:1   | Reached skill level 10 in Axes
 15036 | Lair:1   | Reached skill level 10 in Fighting
 15036 | Lair:1   | Reached skill level 1 in Invocations
 15040 | Lair:1   | Noticed Maggie
 15053 | Lair:1   | Killed Maggie
 16003 | Lair:2   | Noticed a boulder beetle
 16003 | Lair:2   | Found a runed translucent door.
 16003 | Lair:2   | Found an ornate altar of the Wu Jian Council.
 16018 | Lair:2   | Reached skill level 11 in Axes
 16161 | Lair:2   | Noticed melvinkitnick's ghost (journeyman OpSu)
 16172 | Lair:2   | Noticed a six-headed hydra
 16176 | Lair:2   | Killed a six-headed hydra
 16223 | Lair:2   | Killed a boulder beetle
 16224 | Lair:2   | Reached XP level 13. HP: 90/114 MP: 12/17
 16376 | Lair:2   | Found a hide-covered altar of Uskayaw.
 16462 | Lair:2   | Found a staircase to the Swamp.
 16614 | Lair:2   | Found a hole to the Spider Nest.
 16641 | Lair:2   | Reached skill level 12 in Axes
 17025 | Lair:3   | Reached skill level 5 in Invocations
 17316 | Lair:3   | Reached ****** piety under Yredelemnul
 17966 | Lair:3   | Noticed Fannar
 17978 | Lair:3   | Killed Fannar
 18133 | Lair:3   | Got the Precepts of Chthonic Shifting
 18224 | Lair:3   | Reached skill level 13 in Axes
 18604 | Lair:4   | You fall into a shaft and drop 1 floor!
 18604 | Lair:5   | Entered Level 5 of the Lair of Beasts
 18666 | Lair:4   | Reached XP level 14. HP: 48/124 MP: 16/19
 18865 | Lair:4   | Found a viscous altar of Jiyva.
 18866 | Lair:4   | Found a staircase to the Slime Pits.
 18898 | Lair:4   | Found a transporter.
 19422 | Lair:4   | Reached skill level 14 in Axes
 20643 | Lair:5   | Found a corrupted altar of Lugonu.
 20643 | Lair:5   | Found a one-way gate to the infinite horrors of the Abyss.
 20786 | Lair:5   | Reached skill level 15 in Axes
 21615 | Orc:1    | Entered Level 1 of the Orcish Mines
 21664 | Orc:1    | Reached skill level 10 in Invocations
 21973 | Orc:2    | Entered Level 2 of the Orcish Mines
 22018 | Orc:2    | Found a frozen archway.
 22112 | IceCv    | Entered an ice cave
 22888 | IceCv    | Got the ring of Simpoir {Ice +Blink Str+2 Dex-4}
 22965 | IceCv    | Noticed a quicksilver ooze
 22977 | IceCv    | Killed a quicksilver ooze
 23057 | IceCv    | Noticed a quicksilver ooze
 23063 | IceCv    | Killed a quicksilver ooze
 23063 | IceCv    | Noticed a quicksilver ooze
 23069 | IceCv    | Killed a quicksilver ooze
 23070 | IceCv    | Reached XP level 15. HP: 109/129 MP: 13/22
 23148 | IceCv    | Found a viscous altar of Jiyva.
 23148 | IceCv    | Noticed an azure jelly
 23191 | IceCv    | Killed an azure jelly
 23192 | IceCv    | Noticed an azure jelly
 23200 | IceCv    | Killed an azure jelly
 23201 | IceCv    | Reached skill level 16 in Axes
 23213 | IceCv    | Got the Enchiridion on Hypothermia
 24235 | Orc:2    | Paralysed by an orc sorcerer for 2 turns
 24790 | Orc:2    | Found a staircase to the Elven Halls.
 24950 | Orc:2    | Found Itodod's General Store.
 24954 | Orc:2    | Found Getrit's Specific Store.
 24963 | Orc:2    | Noticed Azrael
 25000 | Orc:2    | Killed Azrael
 25141 | Orc:2    | Your ally Azrael died
 25378 | Orc:2    | Found Kuobu's Magic Scroll Shoppe.
 25383 | Orc:2    | Found Xecutzol's Assorted Antiques.
 25388 | Orc:2    | Bought a scroll of identify for 50 gold pieces
 25388 | Orc:2    | Bought a bubbling orange potion for 22 gold pieces
 25388 | Orc:2    | Found Bodghujoi's Weapon Shop.
 25390 | Orc:2    | Found Edacvuif's Jewellery Shoppe.
 25430 | Orc:2    | Bought a scroll of acquirement for 676 gold pieces
 26177 | D:13     | Found a gate to the Vaults.
 27831 | D:14     | Found a bloodstained altar of Trog.
 28307 | D:15     | Entered Level 15 of the Dungeon
 28322 | D:15     | Upgraded the game from 0.31-a0-1537-g69dc257577 to
                  | 0.31-a0-1547-g618ab1f346
 28405 | D:15     | Noticed Rupert
 28477 | D:14     | Learned a level 4 spell: Anguish
 28704 | Swamp:1  | Entered Level 1 of the Swamp
 29476 | Swamp:1  | Reached skill level 17 in Axes
 30169 | Swamp:1  | Noticed a thorn hunter
 30185 | Swamp:1  | Killed a thorn hunter
 30186 | Swamp:1  | Reached XP level 16. HP: 124/139 MP: 24/24
 30243 | Swamp:2  | Noticed Louise
 30603 | Swamp:2  | Reached skill level 5 in Armour
 30630 | Swamp:2  | Reached skill level 5 in Dodging
 30642 | Swamp:2  | Annihilated by a swamp worm

Illustrated notes

Levels and vault maps discovered:
D:1:      dpeg_chamrin_arrival_tetris, layout_loops_ring
D:2:      layout_loops_ring, serial_shops, nicolae_shop_just_a_little_nook,
          shop, nicolae_shop_drivethru, shop, nicolae_shop_back_alley_shop,
          uniq_jessica
D:3:      layout_loops_corners, serial_shops, shop, nicolae_square_shop,
          nicolae_square_shop, nicolae_shop_statue_plus,
          nicolae_shop_advertising_works [nicolae_subvault_shop_adworks],
          hellmonk_ecumenical_altar_lost_god, minmay_misc_feat_nine_boxes,
          uniq_sigmund, uniq_crazy_yiuf_cottage
D:4:      layout_loops_corners, nicolae_shop_self_help
D:5:      layout_loops_ring, mainiacjoe_overflow_alcove_4, serial_shops, shop,
          minmay_holes
D:6:      cheibrodos_quashed, layout_basic, minmay_temple_entry_junction
D:7:      layout_basic
D:8:      layout_loops_cross, general_overflow_altar, erik_lair_island,
          nicolae_ossuary_entry_false_entrances, uniq_maurice
D:9:      layout_small_grid, slow_altar_1, nicolae_hepliaklqana_hippocampus
D:10:     layout_layer_cave, lemuel_crystal_altar
D:11:     layout_stronghold
D:12:     layout_long_grid, david_orc_2, gammafunk_ghost_icy,
          hellmonk_sif_muna_bookshelves
D:13:     layout_long_grid, erik_vaults_2, kennysheep_boxes
D:14:     layout_rooms, serial_glass, glass_columns_b, glass_columns_a,
          bloody_trog, hangedman_tell_no_tales
D:15:     hellmonk_depths_entry_around_the_bend, layout_basic, chequers_avenue,
          uniq_rupert
Temple:   hellmonk_temple_divided_pantheon
Lair:1:   layout_chaotic_city, grunt_megastairs_4, uniq_maggie
Lair:2:   layout_long_grid, skrybe_swamp_entry_bodies,
          spider_nest_entry_web_field, gammafunk_ghost_grave, st_stairs_12,
          nzn_masters_of_martial_movement
Lair:3:   layout_hall_layers, uniq_fannar
Lair:4:   gammafunk_boulding_lane, layout_regular_city, slime_entry_1
Lair:5:   hellmonk_lair_end_abyssal_woods, layout_gridlike
Swamp:1:  layout_basic_swamp, hangedman_swamp_cone, swamp_pool_3
Swamp:2:  layout_basic_swamp, ebering_ghost_disaster_area,
          evilmike_swamp_ruin_rubble_1, uniq_louise
Orc:1:    layout_diamond_mine
Orc:2:    st_orc_elflike, layout_caves, portal_ice_cave_entry_imps,
          nicolae_specific_store, minmay_orc_temple_c, uniq_azrael

Skill      XL: |  1  2  3  4  5  6  7  8  9 10 11 12 13 14 15 16 |
---------------+-------------------------------------------------+-----
Dodging        | 2 3 4 5 |  5.0
Spellcasting   | 2 3 |  3.3
Necromancy     | 5 7 9 10 12 13 | 13.3
Fighting       | 2 4 6 8 10 11 12 | 12.0
Axes           | 1 5 8 11 13 15 17 | 17.2
Armour         | 1 3 4 5 |  5.0
Invocations    | 3 7 10 11 12 | 12.0
Stealth        | |  2.5

Action                     |  1- 3 |  4- 6 |  7- 9 | 10-12 | 13-15 | 16-18 || total
---------------------------+-------+-------+-------+-------+-------+-------++-------
  Melee: Unarmed           |     5 |       |       |       |       |       ||     5
         Short sword       |     5 |    11 |       |       |       |       ||    16
         Quarterstaff      |       |     7 |   204 |    49 |       |       ||   260
         Broad axe         |       |       |       |   187 |   121 |       ||   308
         Punch             |       |       |       |     5 |    10 |       ||    15
         War axe           |       |       |       |   112 |   723 |    31 ||   866
  Throw: Throwing net      |       |       |     1 |       |       |     2 ||     3
         Javelin           |       |       |       |     1 |       |       ||     1
         Stone             |       |       |       |     1 |       |       ||     1
   Cast: Necrotise         |    59 |    77 |    94 |    24 |    10 |       ||   264
         Vampiric Draining |       |     1 |    13 |    70 |   153 |    13 ||   250
         Fugue of the Fall |       |       |     5 |     5 |    11 |       ||    21
         Curse of Agony    |       |       |     1 |     1 |     6 |       ||     8
         Anguish           |       |       |       |       |       |     1 ||     1
 Invoke: Recall Undead Har |       |       |       |     1 |    17 |     2 ||    20
         Dark Bargain      |       |       |       |     1 |     2 |       ||     3
         Bind Soul         |       |       |       |       |     3 |       ||     3
         Drain Life        |       |       |       |       |     1 |       ||     1
  Evoke: Wand              |       |       |    13 |    32 |    40 |     1 ||    86
         Box of beasts     |       |       |       |     2 |     2 |       ||     4
    Use: Potion            |     1 |       |     2 |     5 |     6 |     1 ||    15
         Scroll            |       |     5 |     5 |    11 |    23 |       ||    44
   Stab: Distracted        |     1 |       |       |     5 |    13 |     2 ||    21
         Sleeping          |       |       |     2 |     3 |     2 |       ||     7
         Confused          |       |       |     1 |       |       |       ||     1
         Held in net/web   |       |       |     1 |       |       |       ||     1
         Paralysed         |       |       |     1 |       |       |       ||     1
 Armour: Robe              |    11 |    16 |   148 |       |       |       ||   175
         Ring mail         |       |       |       |   408 |   589 |    47 ||  1044
         Leather armour    |       |       |       |       |    77 |       ||    77
  Dodge: Dodged            |    17 |    12 |   120 |   300 |   446 |    37 ||   932
  Block: Other             |       |       |    19 |    90 |   155 |     6 ||   270
         Reflection        |       |       |     1 |     4 |    11 |       ||    16

Table legend: (Time is in decaauts)
 A = Elapsed time spent in this place.
 B = Non-inter-level travel time spent in this place.
 C = Inter-level travel time spent in this place.
 D = Time resting spent in this place.
 E = Time spent auto-exploring this place.
 F = Levels seen in this place.
 G = Mean time per level.
                   A        B        C        D        E       F      G
               +--------+--------+--------+--------+--------+-----+--------+
         Total |  30596 |  28957 |   1639 |   7886 |  11617 |  27 | 1133.2 |
       Dungeon |  16755 |  15689 |   1066 |   2757 |   8431 |  15 | 1117.0 |
        Temple |     36 |     36 |      0 |      0 |      0 |   1 |   36.0 |
          Lair |   7093 |   6825 |    268 |   2137 |   2378 |   5 | 1418.6 |
         Swamp |   1984 |   1831 |    153 |    804 |    538 |   2 |  992.0 |
  Orcish Mines |   3152 |   3002 |    150 |   1447 |    270 |   2 | 1576.0 |
       Ossuary |    408 |    408 |      0 |    115 |      0 |   1 |  408.0 |
      Ice Cave |   1165 |   1165 |      0 |    625 |      0 |   1 | 1165.0 |
               +--------+--------+--------+--------+--------+-----+--------+

Top non-repeatable levels by time:
   Orc:2: 2004 daAuts
  Lair:5: 1842 daAuts
 Swamp:1: 1825 daAuts
  Lair:1: 1619 daAuts
    D:12: 1598 daAuts
    D:13: 1592 daAuts
  Lair:3: 1555 daAuts
     D:3: 1433 daAuts
    D:11: 1407 daAuts
     D:6: 1400 daAuts
    D:10: 1352 daAuts
     D:8: 1281 daAuts
     D:7: 1182 daAuts
   IceCv: 1165 daAuts
   Orc:1: 1148 daAuts
